General information
- name: BNet
- type: Ladder team game (AT/RT)
- host: Battle.net
- saver: Fluxx
map: PhantomGrove
- players: 4
- length: 24:19
- speed: Fast
- version: 1.26 W3XP
- replay type: Public
» download(158 KB)
Players
team 1 (winner)
Fluxx (
purple | 157 APM | 3815 actions | 24:19)
7 Paladin
3 Holy Light
3 Divine Shield
1 Resurrection
5 Mountain King
3 Bash
2 Storm Bolt
» actions
| Assign group hotkey | 29 | |
| Basic commands | 1 | |
| Build / train | 115 | |
| Enter build submenu | 34 | |
| Enter hero's abilities submenu | 13 | |
| Give item / drop item | 2 | |
| Remove unit from queue | 6 | |
| Right click | 1743 | |
| Select / deselect | 658 | |
| Select group hotkey | 1080 | |
| Use ability | 134 | |
3815 total
» units
| Peasant | 13 | |
| Rifleman | 19 | |
| Dragonhawk Rider | 10 | |
| Gryphon Rider | 1 | |
43 total
» upgrades
| Gunpowder | 1 | |
| Armor | 2 | |
| Long Rifles | 1 | |
| Lumber Harvesting | 2 | |
| Swords | 2 | |
| Cloud | 1 | |
| Masonry | 0 | |
| Storm Hammers | 1 | |
10 total
» buildings
| Altar of Kings | 1 | |
| Farm | 14 | |
| Barracks | 2 | |
| Blacksmith | 2 | |
| Scout Tower | 4 | |
| Lumber Mill | 1 | |
| Arcane Tower | 2 | |
| Guard Tower | 6 | |
| Arcane Vault | 3 | |
| Keep | 1 | |
| Gryphon Aviary | 2 | |
| Town Hall | 1 | |
| Castle | 1 | |
40 total
» build order
00:05 Altar of Kings
00:07 Farm
00:18 Barracks
00:38 Blacksmith
00:42 Blacksmith
01:27 Barracks
01:32 Farm
02:00 Farm
02:20 Scout Tower
02:21 Scout Tower
02:24 Farm
02:28 Lumber Mill
02:55 Arcane Tower
03:39 Guard Tower
03:54 Farm
04:18 Arcane Vault
05:07 Farm
05:09 Farm
05:34 Farm
06:04 Scout Tower
06:06 Scout Tower
06:38 Guard Tower
06:46 Guard Tower
07:13 Keep
07:29 Farm
07:58 Farm
07:59 Farm
09:29 Farm
10:02 Gryphon Aviary
10:04 Gryphon Aviary
10:09 Farm
11:05 Town Hall
11:18 Farm
11:50 Arcane Vault
12:04 Arcane Vault
14:40 Castle
» items
| Lesser Clarity Potion | 5 | |
| Scroll of Regeneration | 1 | |
| Potion of Mana | 3 | |
| Scroll of Town Portal | 2 | |
| Potion of Healing | 1 | |
| Orb of Fire | 1 | |
13 total

»
o_O)toromaster (
orange | 81 APM | 1832 actions | 22:42)
3 Mountain King
2 Storm Bolt
1 Bash
4 Paladin
2 Holy Light
1 Divine Shield
1 Devotion Aura
» actions
| Assign group hotkey | 29 | |
| Basic commands | 23 | |
| Build / train | 75 | |
| ESC pressed | 3 | |
| Enter build submenu | 48 | |
| Enter hero's abilities submenu | 7 | |
| Give item / drop item | 2 | |
| Right click | 689 | |
| Select / deselect | 402 | |
| Select group hotkey | 476 | |
| Use ability | 78 | |
1832 total
» units
| Peasant | 14 | |
| Mortar Team | 10 | |
| Spell Breaker | 6 | |
| Priest | 5 | |
35 total
» upgrades
| Lumber Harvesting | 2 | |
| Gunpowder | 2 | |
| Fragmentation Shards | 1 | |
| Swords | 2 | |
| Priest Training | 3 | |
| Sorceress Training | 1 | |
11 total
» buildings
| Altar of Kings | 1 | |
| Farm | 12 | |
| Lumber Mill | 2 | |
| Keep | 1 | |
| Scout Tower | 5 | |
| Guard Tower | 2 | |
| Arcane Vault | 2 | |
| Blacksmith | 1 | |
| Arcane Tower | 1 | |
| Workshop | 2 | |
| Castle | 3 | |
| Town Hall | 1 | |
| Arcane Sanctum | 2 | |
35 total
» build order
00:11 Altar of Kings
00:19 Farm
02:25 Farm
03:10 Lumber Mill
03:47 Keep
03:51 Scout Tower
04:27 Guard Tower
04:31 Scout Tower
04:37 Scout Tower
04:39 Arcane Vault
05:34 Scout Tower
05:39 Scout Tower
06:07 Blacksmith
06:09 Arcane Tower
06:22 Guard Tower
06:52 Farm
06:56 Workshop
07:11 Workshop
07:15 Arcane Vault
07:32 Farm
08:43 Farm
09:24 Farm
10:46 Castle
11:32 Town Hall
11:45 Lumber Mill
14:53 Arcane Sanctum
15:31 Arcane Sanctum
16:23 Farm
17:03 Farm
17:10 Farm
17:21 Farm
17:35 Farm
19:13 Farm
» items
| Scroll of Town Portal | 3 | |
| Scroll of Regeneration | 2 | |
| Lesser Clarity Potion | 1 | |
| Potion of Healing | 2 | |
8 total
team 2 (loser)
Grampzz (
red | 109 APM | 2157 actions | 19:47)
3 Demon Hunter
2 Mana Burn
1 Evasion
3 Priestess of the Moon
2 Trueshot Aura
1 Searing Arrows
» actions
| Assign group hotkey | 16 | |
| Build / train | 76 | |
| Enter build submenu | 21 | |
| Enter hero's abilities submenu | 6 | |
| Give item / drop item | 2 | |
| Remove unit from queue | 1 | |
| Right click | 1092 | |
| Select / deselect | 273 | |
| Select group hotkey | 614 | |
| Use ability | 56 | |
2157 total
» units
| Wisp | 31 | |
| Huntress | 4 | |
| Dryad | 4 | |
| Mountain Giant | 4 | |
| Glaive Thrower | 2 | |
| Druid of the Claw | 2 | |
47 total
» upgrades
| Ultravision | 1 | |
| Sentinel | 1 | |
| Abolish Magic | 1 | |
| Reinforced Hides | 2 | |
| Nature's Blessing | 1 | |
| Strength of the Wild | 2 | |
| Druid of the Claw Training | 2 | |
| Hardened Skin | 1 | |
| Resistant Skin | 1 | |
| Well Spring | 1 | |
| Mark of the Claw | 1 | |
14 total
» buildings
| Altar of Elders | 1 | |
| Moon Well | 7 | |
| Hunter's Hall | 1 | |
| Ancient of War | 1 | |
| Ancient Protector | 3 | |
| Ancient of Wonders | 3 | |
| Tree of Ages | 1 | |
| Tree of Life | 2 | |
| Ancient of Lore | 2 | |
| Tree of Eternity | 1 | |
22 total
» build order
00:09 Altar of Elders
00:16 Moon Well
01:02 Hunter's Hall
01:45 Ancient of War
02:06 Moon Well
02:17 Ancient Protector
02:27 Ancient of Wonders
04:24 Tree of Ages
05:01 Moon Well
05:33 Moon Well
05:58 Tree of Life
06:51 Ancient of Lore
06:55 Ancient of Lore
09:24 Ancient of Wonders
09:36 Ancient Protector
10:27 Ancient Protector
10:42 Tree of Eternity
11:32 Moon Well
12:29 Tree of Life
14:25 Moon Well
15:08 Ancient of Wonders
17:23 Moon Well
» items
| Staff of Preservation | 1 | |
| Potion of Healing | 1 | |
| Moonstone | 1 | |
| Scroll of Town Portal | 1 | |
4 total
myallyisafag- (
yellow | 166 APM | 4043 actions | 24:19)
3 Blademaster
1 Wind Walk
1 Mirror Image
1 Critical Strike
2 Shadow Hunter
1 Hex
1 Healing Wave
1 Priestess of the Moon
1 Searing Arrows
» actions
| Assign group hotkey | 69 | |
| Basic commands | 67 | |
| Build / train | 83 | |
| Enter build submenu | 21 | |
| Enter hero's abilities submenu | 6 | |
| Give item / drop item | 5 | |
| Right click | 1151 | |
| Select / deselect | 405 | |
| Select group hotkey | 2014 | |
| Use ability | 222 | |
4043 total
» units
| Peon | 8 | |
| Grunt | 6 | |
| Raider | 8 | |
| Spirit Walker | 3 | |
| Demolisher | 10 | |
| Kodo Beast | 2 | |
| Troll Batrider | 1 | |
| Shaman | 1 | |
| Dryad | 1 | |
| Mountain Giant | 1 | |
| Glaive Thrower | 1 | |
| Wisp | 2 | |
44 total
» upgrades
| Ensnare | 1 | |
| Spirit Walker Training | 1 | |
| Shaman Training | 2 | |
| Burning Oil | 1 | |
5 total
» buildings
| Altar of Storms | 1 | |
| Orc Burrow | 7 | |
| Barracks | 2 | |
| Voodoo Lounge | 1 | |
| Stronghold | 3 | |
| Beastiary | 1 | |
| Spirit Lodge | 1 | |
| War Mill | 1 | |
| Fortress | 1 | |
| Ancient of War | 2 | |
| Tauren Totem | 3 | |
23 total
» build order
00:04 Altar of Storms
00:14 Orc Burrow
00:33 Barracks
01:36 Orc Burrow
01:59 Voodoo Lounge
02:56 Stronghold
02:56 Stronghold
04:33 Orc Burrow
05:33 Beastiary
05:35 Spirit Lodge
07:06 Orc Burrow
09:18 Orc Burrow
09:21 War Mill
12:05 Orc Burrow
12:26 Fortress
14:45 Barracks
17:42 Orc Burrow
20:12 Ancient of War
20:17 Ancient of War
20:28 Tauren Totem
20:29 Tauren Totem
20:31 Tauren Totem
» items
| Healing Salve | 5 | |
| Lesser Clarity Potion | 4 | |
| Scroll of Speed | 1 | |
| Scroll of Healing | 1 | |
| Scroll of Town Portal | 1 | |
| Orb of Lightning | 1 | |
| Potion of Mana | 1 | |
14 total
Chat log
(00:15 / All) o_O)toromaster: cool name ;)
(00:19 / All) myallyisafag-: Thank you
(00:19 / All) myallyisafag-: :D
(00:25 / All) myallyisafag-: inless your talkign to gramzpz
(00:26 / All) o_O)toromaster: my ally is the same
(00:32 / All) Grampzz: i dont know how I got matched with this guy
(00:36 / All) o_O)toromaster: LOL
(00:38 / All) myallyisafag-: L:OL
(00:46 / All) myallyisafag-: my ally is a nice man
(00:50 / All) myallyisafag-: my last ally was a fag though
(00:50 / All) myallyisafag-: np
(01:09 / All) myallyisafag-: are you guys pros?
(01:11 / All) myallyisafag-: cause im 11
(01:17 / All) Grampzz: nah, i
(01:24 / All) o_O)toromaster: semi
(01:29 / All) Grampzz: im 52 with 5 grandkids...
(01:38 / All) Grampzz: stress relief.
(01:40 / All) myallyisafag-: the cool part is
(01:41 / All) myallyisafag-: he is
(01:41 / All) Fluxx: careful, my ally grabs from behind
(01:42 / All) myallyisafag-: OL
(01:47 / All) Grampzz: lol
(02:00 / All) o_O)toromaster: i like it!
(02:49 / All) Grampzz: lol
(03:00 / All) Grampzz: a grandpa kill
(03:28 / All) myallyisafag-: hmm
(03:33 / All) myallyisafag-: cute maphack :D
(03:38 / All) o_O)toromaster: ?
(03:46 / All) myallyisafag-: werid.
(03:53 / All) myallyisafag-: nah grampz
(07:13 / All) myallyisafag-: LOL
(07:19 / All) myallyisafag-: Sup purple
(19:52 / All) Fluxx: gg kids
(21:32 / All) Fluxx: gg, map hacker
(21:33 / All) Fluxx: :)
(21:41 / All) o_O)toromaster: orc player did
(21:49 / All) o_O)toromaster: dont know about elf
(22:30 / All) Fluxx: reported
(24:17 / All) Fluxx: nice try :)